 Dungeon Crawl Stone Soup version 0.29-a0-221-gceb61267dd (webtiles) character file.

Game seed: 1715175652045975533

2424 frimble the Frost Mage (level 9, -18/65 HPs)
             Began as a Gnoll Ice Elementalist on Feb 27, 2022.
             Demolished by a two-headed ogre
             ... wielding a +0 giant spiked club
              (31 damage)
             ... on level 6 of the Dungeon.
             The game lasted 00:10:43 (6901 turns).

frimble the Frost Mage (Gnoll Ice Elementalist)     Turns: 6901, Time: 00:10:44

Health: -18/65     AC: 16    Str:  9    XL:     9   Next: 48%
Magic:  13/19      EV: 14    Int: 17    God:
Gold:   391        SH:  0    Dex: 13    Spells: 15/21 levels left

rFire   . . .      SeeInvis .   d - +2 dagger (elec)
rCold   . . .      Faith    .   (no shield)
rNeg    . . .      Spirit   .   a - +0 robe
rPois   .          Reflect  .   f - +1 helmet
rElec   .          Harm     .   x - +1 cloak
rCorr   .          Rampage  .   (no gloves)
Will    .....                   o - +1 pair of boots
Stlth   +++.......              h - amulet of regeneration
HPRegen 1.00/turn               (no ring)
MPRegen 0.16/turn               (no ring)

@: ice-armoured, freezing walls
A: fangs 1, strong nose, distributed training
a: no special abilities


You were on level 6 of the Dungeon.
You visited 1 branch of the dungeon, and saw 6 of its levels.
You also visited: Sewer.

You collected 391 gold pieces.

Inventory:

Hand Weapons
 d - a +2 dagger of electrocution (weapon)
 k - a +3 dagger of venom
Missiles
 e - a throwing net
Armour
 a - a +0 robe (worn)
 f - a +1 helmet (worn)
 o - a +1 pair of boots (worn)
 x - a +1 cloak (worn)
Jewellery
 h - an amulet of regeneration (around neck)
 j - a ring of wizardry
 m - a ring of see invisible
 u - a ring of poison resistance
Potions
 b - 3 potions of haste
 c - a potion of magic
 g - 2 potions of brilliance
 i - 2 potions of mutation {unknown}
 l - 2 potions of degeneration {unknown}
 n - a potion of invisibility {unknown}
 p - a potion of curing
 q - 2 potions of resistance {unknown}
 r - 2 potions of attraction {unknown}
 s - a potion of berserk rage {unknown}
 t - 2 potions of heal wounds {unknown}
 v - a potion of might {unknown}


   Skills:
 + Level 4.3 Fighting
 + Level 4.3 Short Blades
 + Level 4.3 Long Blades
 + Level 4.3 Axes
 + Level 4.3 Maces & Flails
 + Level 4.3 Polearms
 + Level 4.3 Staves
 + Level 4.3 Slings
 + Level 4.3 Bows
 + Level 4.3 Crossbows
 + Level 4.3 Throwing
 + Level 4.3 Armour
 + Level 6.3 Dodging
 + Level 6.1 Stealth
 + Level 4.3 Shields
 + Level 4.3 Unarmed Combat
 + Level 6.6 Spellcasting
 + Level 3.5 Conjurations
 + Level 3.5 Hexes
 + Level 3.5 Summonings
 + Level 3.5 Necromancy
 + Level 3.5 Translocations
 + Level 3.5 Transmutations
 + Level 3.5 Fire Magic
 + Level 8.0 Ice Magic
 + Level 3.5 Air Magic
 + Level 3.5 Earth Magic
 + Level 3.5 Poison Magic
 + Level 4.7 Invocations
 + Level 4.3 Evocations


You had 15 spell levels left.
You knew the following spells:

 Your Spells              Type           Power      Damage    Failure   Level
b - Frozen Ramparts       Ice            66%        1d8       1%          3
c - Ozocubu's Armour      Ice            33%        N/A       1%          3

Your spell library contained the following spells:

 Spells                   Type           Power      Damage    Failure   Level
 Freeze                   Ice            100%       1d11      1%          1
 Magic Dart               Conj           68%        1d6       2%          1
 Sting                    Tmut/Pois      68%        1d6       2%          1
 Poisonous Vapours        Pois/Air       34%        N/A       4%          2
 Searing Ray              Conj           34%        2d5       4%          2
 Conjure Flame            Conj/Fire      17%        6-21      9%          3
 Ignite Poison            Fire/Tmut/Pois 17%        N/A       9%          3
 Tukima's Dance           Hex            17%        N/A       9%          3
 Hailstorm                Conj/Ice       25%        3d7       11%         4
 Fulminant Prism          Conj/Hex       8%         3d7       28%         4
 Olgreb's Toxic Radiance  Pois           17%        N/A       28%         4
 Passage of Golubria      Tloc           17%        N/A       28%         4
 Sticky Flame             Conj/Fire      17%        2d4       28%         4
 Yara's Violent Unravell  Hex/Tmut       8%         3d5       61%         5


Dungeon Overview and Level Annotations

Branches:
Dungeon (6/15)             Temple (0/1) D:6           Sewer (visited)

Altars:
Ashenzari
Wu Jian
Xom

Shops:
D:3 =


Innate Abilities, Weirdness & Mutations

You have very sharp teeth.
Your uncanny sense of smell can sniff out nearby items.
Your experience applies equally to all skills.


Message History

The wall freezes the two-headed ogre.
The two-headed ogre hits you with a +0 giant spiked club!!
* * * LOW HITPOINT WARNING * * *
The two-headed ogre closely misses you.
You aren't carrying any items that you can evoke.
Your frozen ramparts will break if you move.
Continue?
The frozen ramparts melt away as you move.
An ice beast comes into view.
Casting: Frozen Ramparts (safe; 1% risk of failure)
Confirm with . or Enter, or press ? or * to list all spells.
Okay, then.
Okay, then.
Casting: Frozen Ramparts (safe; 1% risk of failure)
Confirm with . or Enter, or press ? or * to list all spells.
Casting: Frozen Ramparts (safe; 1% risk of failure)
Press: ? - help, Dir - look around, f - activate The walls around you are covered in ice.
The wall freezes the two-headed ogre!
The two-headed ogre closely misses you.
The two-headed ogre hits you with a +0 giant club!
* * * LOW HITPOINT WARNING * * *
Casting: Frozen Ramparts (safe; 1% risk of failure)
Confirm with . or Enter, or press ? or * to list all spells.
A film of ice covers your body!
You hit the two-headed ogre but do no damage.
Your punch misses the two-headed ogre.
The two-headed ogre is severely wounded.
The ice beast completely resists.
The wall freezes the ice beast but does no damage.
The wall freezes the two-headed ogre.
The two-headed ogre hits you with a +0 giant spiked club.
* * * LOW HITPOINT WARNING * * *
The two-headed ogre hits you but does no damage.
You barely miss the two-headed ogre.
You bite the two-headed ogre, but do no damage.
The two-headed ogre is almost dead.
The ice beast completely resists.
The wall freezes the ice beast but does no damage.
The wall freezes the two-headed ogre.
The two-headed ogre hits you with a +0 giant spiked club!!
You die...

...........#.####..##..#.###.####
...........#.....................
#..........#####.#.#####.###.####
############ #.#...........)...
#.###############.
#.#.............#. #####
#.#####.#######.#. ....#
#.#####.#####...). ###.#
#@OY............). #.#
#######.#####.#.#.
#.##################.# #.#.#.
###....................# #.#.#.
....##################.#####.#.#.
###.# #.................#. ....#
#.#############.###. #.#.#
#.#############.# #. #.###
#...............# #.


You could see a two-headed ogre and an ice beast.

Vanquished Creatures
  Grinder (Sewer)
  Edmund (D:5)
  An ice beast (D:5)
  3 sky beasts (D:6)
  2 black bears (D:5)
  2 necrophages
  An ogre (D:5)
  2 centaurs (D:5)
  2 phantoms
  A kobold brigand (Sewer)
  A scorpion (D:5)
  5 wights
  A howler monkey (D:5)
  2 jellies (D:4)
  3 hounds
  An orc priest (D:4)
  An iguana (D:5)
  3 orc wizards
  Robin (D:2)
  11 adders
  4 shadow imps (Sewer)
  4 ufetubi (Sewer)
  An adder zombie (Sewer)
  3 worms
  3 dart slugs
  23 orcs
  6 ball pythons
  12 bats
  6 endoplasms
  4 giant cockroaches
  13 goblins
  10 hobgoblins
  21 kobolds
  11 quokkas
  2 frilled lizards
  A giant cockroach zombie (Sewer)
  A kobold zombie (Sewer)
  11 rats
  A spectral kobold (D:1)
  A bush (D:5)
183 creatures vanquished.

Notes
Turn   | Place    | Note
-------+----------+-------------------------------------------
     0 | D:1      | frimble the Gnoll Ice Elementalist began the quest for the
                  | Orb.
     0 | D:1      | Reached XP level 1. HP: 13/13 MP: 6/6
   364 | D:1      | Reached XP level 2. HP: 18/18 MP: 7/7
   364 | D:1      | Found a faded altar of an unknown god.
   963 | D:1      | Reached XP level 3. HP: 19/25 MP: 7/9
   967 | D:1      | Learned a level 3 spell: Frozen Ramparts
   977 | D:1      | Learned a level 3 spell: Ozocubu's Armour
  1125 | D:1      | Reached skill level 5 in Spellcasting
  1589 | D:2      | Noticed Robin
  1603 | D:2      | Reached skill level 1 in Invocations
  1616 | D:2      | Killed Robin
  1617 | D:2      | Reached skill level 1 in Fighting
  1617 | D:2      | Reached skill level 1 in Short Blades
  1617 | D:2      | Reached skill level 1 in Long Blades
  1617 | D:2      | Reached skill level 1 in Axes
  1617 | D:2      | Reached skill level 1 in Maces & Flails
  1617 | D:2      | Reached skill level 1 in Polearms
  1617 | D:2      | Reached skill level 1 in Staves
  1617 | D:2      | Reached skill level 1 in Slings
  1617 | D:2      | Reached skill level 1 in Bows
  1617 | D:2      | Reached skill level 1 in Crossbows
  1617 | D:2      | Reached skill level 1 in Throwing
  1617 | D:2      | Reached skill level 1 in Armour
  1617 | D:2      | Reached skill level 1 in Shields
  1617 | D:2      | Reached skill level 1 in Unarmed Combat
  1617 | D:2      | Reached skill level 1 in Evocations
  1777 | D:2      | Reached XP level 4. HP: 32/32 MP: 11/11
  2349 | D:2      | Reached skill level 1 in Conjurations
  2349 | D:2      | Reached skill level 1 in Hexes
  2349 | D:2      | Reached skill level 1 in Summonings
  2349 | D:2      | Reached skill level 1 in Necromancy
  2349 | D:2      | Reached skill level 1 in Translocations
  2349 | D:2      | Reached skill level 1 in Transmutations
  2349 | D:2      | Reached skill level 1 in Fire Magic
  2349 | D:2      | Reached skill level 1 in Air Magic
  2349 | D:2      | Reached skill level 1 in Earth Magic
  2349 | D:2      | Reached skill level 1 in Poison Magic
  2643 | D:2      | Reached XP level 5. HP: 37/37 MP: 12/12
  3441 | D:3      | Found a shimmering altar of Xom.
  3501 | D:3      | Found Atosig's Jewellery Boutique.
  3679 | D:3      | Found a broken altar of Ashenzari.
  3933 | D:4      | Reached XP level 6. HP: 44/44 MP: 9/13
  4279 | D:4      | Reached skill level 5 in Dodging
  4578 | D:5      | Entered Level 5 of the Dungeon
  4645 | D:5      | Reached XP level 7. HP: 49/50 MP: 15/15
  4739 | D:5      | Reached skill level 5 in Stealth
  5018 | D:5      | Reached XP level 8. HP: 39/57 MP: 9/16
  5282 | D:5      | Noticed Edmund
  5404 | D:5      | Killed Edmund
  5598 | D:6      | Found a glowing drain.
  5616 | Sewer    | Entered a sewer
  5732 | Sewer    | Found an ancient bone altar of Kikubaaqudgha.
  5800 | Sewer    | Noticed Grinder
  5826 | Sewer    | Paralysed by Grinder for 3 turns
  5835 | Sewer    | Paralysed by Grinder for 3 turns
  5907 | Sewer    | Paralysed by Grinder for 7 turns
  5921 | Sewer    | Killed Grinder
  5922 | Sewer    | Reached XP level 9. HP: 51/65 MP: 14/18
  6300 | D:6      | Found an ornate altar of the Wu Jian Council.
  6397 | D:6      | Reached skill level 8 in Ice Magic
  6763 | D:6      | Found a staircase to the Ecumenical Temple.
  6792 | D:6      | Noticed a two-headed ogre
  6901 | D:6      | Demolished by a two-headed ogre

Illustrated notes

Levels and vault maps discovered:
D:1:      amcnicky_arrival_abandoned_market, layout_basic,
          dreamdust_ecumenical_altar_drowned_temple
D:2:      minmay_razor_zed, layout_loops_ring, uniq_robin
D:3:      layout_rooms, mainiacjoe_overflow_chevrons, marbit_many_paths,
          serial_shops, shop
D:4:      layout_layer_cave
D:5:      layout_loops_ring, kb_lookout_dungeons_type,
          kennysheep_generic_room_2, uniq_edmund
D:6:      layout_basic, nicolae_wu_jian_immortal_techniques,
          minmay_temple_entry_slanted, cheibrodos_sewer_entry_drain,
          corner_web_ring

Skill      XL: |  1  2  3  4  5  6  7  8  9 |
---------------+----------------------------+-----
Spellcasting   | 5 6 |  6.6
Invocations    | 1 2 3 4 |  4.7
Fighting       | 1 2 3 4 |  4.3
Short Blades   | 1 2 3 4 |  4.3
Long Blades    | 1 2 3 4 |  4.3
Axes           | 1 2 3 4 |  4.3
Maces & Flails | 1 2 3 4 |  4.3
Polearms       | 1 2 3 4 |  4.3
Staves         | 1 2 3 4 |  4.3
Slings         | 1 2 3 4 |  4.3
Bows           | 1 2 3 4 |  4.3
Crossbows      | 1 2 3 4 |  4.3
Throwing       | 1 2 3 4 |  4.3
Armour         | 1 2 3 4 |  4.3
Shields        | 1 2 3 4 |  4.3
Unarmed Combat | 1 2 3 4 |  4.3
Evocations     | 1 2 3 4 |  4.3
Conjurations   | 1 2 3 |  3.5
Hexes          | 1 2 3 |  3.5
Summonings     | 1 2 3 |  3.5
Necromancy     | 1 2 3 |  3.5
Translocations | 1 2 3 |  3.5
Transmutations | 1 2 3 |  3.5
Fire Magic     | 1 2 3 |  3.5
Air Magic      | 1 2 3 |  3.5
Earth Magic    | 1 2 3 |  3.5
Poison Magic   | 1 2 3 |  3.5
Dodging        | 5 6 |  6.3
Stealth        | 5 6 |  6.1
Ice Magic      | 8 |  8.0

Action                   |  1- 3 |  4- 6 |  7- 9 || total
-------------------------+-------+-------+-------++-------
Melee: Dagger            |    84 |   186 |   429 ||   699
       Unarmed           |    22 |       |       ||    22
       Bite              |     7 |    22 |    50 ||    79
       Punch             |     2 |     3 |    10 ||    15
 Cast: Freeze            |    22 |     9 |       ||    31
       Frozen Ramparts   |     1 |     5 |    15 ||    21
       Ozocubu's Armour  |     1 |     2 |     9 ||    12
  Use: Scroll            |     6 |     4 |     6 ||    16
 Stab: Sleeping          |     5 |    17 |     9 ||    31
Armor: Robe              |    19 |    36 |   108 ||   163
Dodge: Dodged            |    85 |   133 |   307 ||   525

Table legend: (Time is in decaauts)
 A = Elapsed time spent in this place.
 B = Non-inter-level travel time spent in this place.
 C = Inter-level travel time spent in this place.
 D = Time resting spent in this place.
 E = Time spent auto-exploring this place.
 F = Levels seen in this place.
 G = Mean time per level.
                   A        B        C        D        E       F      G
               +--------+--------+--------+--------+--------+-----+--------+
         Total |   6838 |   6667 |    171 |     35 |   4993 |   7 |  976.9 |
       Dungeon |   6296 |   6125 |    171 |     35 |   4689 |   6 | 1049.3 |
         Sewer |    542 |    542 |      0 |      0 |    303 |   1 |  542.0 |
               +--------+--------+--------+--------+--------+-----+--------+

Top non-repeatable levels by time:
     D:1: 1583 daAuts
     D:2: 1389 daAuts
     D:5: 987 daAuts
     D:3: 928 daAuts
     D:6: 739 daAuts
     D:4: 669 daAuts
   Sewer: 542 daAuts
